 Dungeon Sprint DCSS version 0.20-a0-633-gff4aa5c (webtiles) character file.

441 LORDOFBUTT the Jinx (level 6, -2/28 HPs)
             Began as a Spriggan Enchanter on Feb 12, 2017.
             Was an Initiate of Gozag.
             Slain by a slime creature (8 damage)
             ... in the Dungeon (Sprint I: "Red Sonja").
             The game lasted 00:01:21 (347 turns).

LORDOFBUTT the Jinx (Spriggan Enchanter)             Turns: 347, Time: 00:01:22

Health: -2/28      AC:  2    Str:  6    XL:     6   Next: 71%
Magic:  15/21      EV: 18    Int: 17    God:    Gozag
Gold:   298        SH:  0    Dex: 16    Spells: 21/27 levels left

rFire    . . .     SeeInvis +   a - +1 dagger
rCold    . . .     Gourm    .   b - +0 robe
rNeg     . . .     Faith    .   (shield restricted)
rPois    .         Spirit   .   (helmet restricted)
rElec    .         Reflect  .   (no cloak)
rCorr    .         Harm     .   (gloves unavailable)
MR       +....     NoTele   +   (boots unavailable)
Stlth    +++++.....             (no amulet)
Regen    0.1/turn               (no ring)
                                (no ring)

@: very quick
A: unfitting armour, see invisible, herbivore 3, speed 3, slow metabolism 2
a: Potion Petition, Call Merchant, Bribe Branch, Renounce Religion


You were in the Dungeon.
You worshipped Gozag.
Gozag was aware of your devotion.
You were not hungry.

You visited 1 branch You collected 298 gold pieces.

Inventory:

Hand Weapons
 a - a +1 dagger (weapon)
Armour
 b - a +0 robe (worn)
Scrolls
 i - a scroll of remove curse
 j - a scroll of blinking
Potions
 e - a potion of curing
 f - a potion of heal wounds
 g - a potion of haste
 h - 2 potions of magic
Books
 c - a book of Maledictions

   Spells                             Type                      Level
   a - Corona                         Hexes                        1
   b - Ensorcelled Hibernation        Hexes/Ice                    2
   c - Confuse                        Hexes                        3
   d - Tukima's Dance                 Hexes                        3
   e - Dazzling Spray                 Conjuration/Hexes            3
Comestibles
 d - a bread ration


   Skills:
 - Level 1.1 Short Blades
 - Level 3.0 Dodging
 + Level 10.9 Stealth
 * Level 11.1 Spellcasting
 * Level 11.3 Hexes


You had 21 spell levels left.
You knew the following spells:

 Your Spells              Type           Power        Failure   Level  Hunger
a - Corona                Hex            #####..      1%          1    None
b - Ensorcelled Hibernat  Hex/Ice        ####..       1%          2    None
c - Confuse               Hex            #####...     1%          3    None


Dungeon Overview and Level Annotations

Branches:
Dungeon (1/1)

Altars:
Cheibriados
Dithmenos
Elyvilon
Fedhas
Gozag
Hepliaklqana
Kikubaaqudgha
Makhleb
Nemelex Xobeh
Okawaru
Qazlal
Ru
Sif Muna
Trog
Uskayaw
Vehumet
Xom
Yredelemnul
Zin
The Shining One
Jiyva
Lugonu

Shops:
D (


Innate Abilities, Weirdness & Mutations

You are very small and have problems with some larger weapons.
You are too small for most types of armour.
You have supernaturally acute eyesight. (SInv)
You are a herbivore.
You cover ground extremely quickly.
You need consume almost no food.


Message History

Memorise Confuse, consuming 3 spell levels and leaving 21?
You start memorising the spell.
You continue memorising. x3
You finish memorising.
Spell assigned to 'c'.
You open the door.
Casting: Ensorcelled Hibernation
Confirm with . or Enter, or press ? or * to list all spells.
Aiming: Confuse
Press: ? - help, Shift-Dir - straight line, f/p - slime creature
Aim: a slime creature (heavily wounded, chance to defeat MR: 54%)
The slime creature resists with significant effort.
The slime creature hits you.
* * * LOW HITPOINT WARNING * * *
Casting: Confuse
Confirm with . or Enter, or press ? or * to list all spells.
Aiming: Confuse
Press: ? - help, Shift-Dir - straight line, f/p - slime creature
Aim: a slime creature (heavily wounded, chance to defeat MR: 54%)
The slime creature appears confused.
The slime creature hits you!
You die...
Your body crumbles into a pile of gold.

###################
#<.#..'..#.)'..#__#$$
$
#..').#..'..#..'..+$$
$ #..#####'#####'#__#
$
#..####..#...#J####$$
$ #..#__####..##@# $$
#..#_____##'#..+
#⌠⌠#_.∩..†'..._# $$
####_..__##_.#'#
$$#_____###+#.# $
####### ### $ $ $ $$
$$ $ $ $ $ $


You could see a slime creature (confused).

Vanquished Creatures
  Sigmund (D)
  A yak (D)
  An ogre (D)
  A jelly (D)
  Ijyb (D)
5 creatures vanquished.

Notes
Turn   | Place    | Note
-------+----------+-------------------------------------------
     0 | D        | LORDOFBUTT the Spriggan Enchanter began the quest for the Orb.
     0 | D        | Reached XP level 1. HP: 9/9 MP: 5/5
     1 | D        | Noticed Ijyb
    15 | D        | Killed Ijyb
    15 | D        | Reached skill level 5 in Spellcasting
    15 | D        | Reached skill level 5 in Hexes
    15 | D        | Reached XP level 2. HP: 13/13 MP: 6/9
    22 | D        | Learned a level 2 spell: Ensorcelled Hibernation
    22 | D        | Noticed an ogre
    33 | D        | Killed an ogre
    33 | D        | Reached XP level 3. HP: 5/16 MP: 6/12
    33 | D        | Reached XP level 4. HP: 7/21 MP: 7/14
   237 | D        | Noticed Sigmund
   240 | D        | Killed Sigmund
   240 | D        | Reached skill level 10 in Hexes
   240 | D        | Reached XP level 5. HP: 24/24 MP: 15/18
   253 | D        | Found a deep blue altar of Sif Muna.
   255 | D        | Found a radiant altar of Vehumet.
   259 | D        | Reached skill level 10 in Spellcasting
   259 | D        | Reached XP level 6. HP: 28/28 MP: 18/20
   292 | D        | Found Taix's Weapon Emporium.
   292 | D        | Found an ancient bone altar of Kikubaaqudgha.
   292 | D        | Found a hazy altar of Hepliaklqana.
   292 | D        | Found a stormy altar of Qazlal.
   292 | D        | Found a hide-covered altar of Uskayaw.
   292 | D        | Found a blossoming altar of Fedhas.
   292 | D        | Found a bloodstained altar of Trog.
   292 | D        | Found an iron altar of Okawaru.
   292 | D        | Found a basalt altar of Yredelemnul.
   292 | D        | Found a glowing golden altar of the Shining One.
   292 | D        | Found a snail-covered altar of Cheibriados.
   292 | D        | Found a sacrificial altar of Ru.
   292 | D        | Found a glowing silver altar of Zin.
   292 | D        | Found a shadowy altar of Dithmenos.
   292 | D        | Found a white marble altar of Elyvilon.
   292 | D        | Noticed a yak
   293 | D        | Found an opulent altar of Gozag.
   294 | D        | Killed a yak
   294 | D        | Reached skill level 10 in Stealth
   295 | D        | Found a sparkling altar of Nemelex Xobeh.
   300 | D        | Became a worshipper of Gozag Ym Sagoz the Greedy
   330 | D        | Found a burning altar of Makhleb.
   330 | D        | Found a viscous altar of Jiyva.
   330 | D        | Found a shimmering altar of Xom.
   330 | D        | Found a corrupted altar of Lugonu.
   330 | D        | Noticed a slime creature
   344 | D        | Learned a level 3 spell: Confuse
   347 | D        | Slain by a slime creature

Vault maps used:
D:        dungeon_sprint_1

Skill      XL: |  1  2  3  4  5  6 |
---------------+-------------------+-----
Stealth        | 6 7 9 10 | 10.9
Spellcasting   | 5 7 9 10 11 | 11.1
Hexes          | 5 7 10 11 | 11.3
Short Blades   | |  1.1
Dodging        | |  3.0

Action                   |  1- 3 |  4- 6 || total
-------------------------+-------+-------++-------
Melee: Dagger            |    16 |     4 ||    20
 Cast: Ensorcelled Hiber |     1 |     1 ||     2
       Confuse           |       |     2 ||     2
  Use: Potion            |     1 |       ||     1
       Scroll            |       |     1 ||     1
 Stab: Sleeping          |     1 |     4 ||     5
Dodge: Dodged            |     9 |     2 ||    11
